 Dungeon Crawl Stone Soup version 0.19.0-20-gbc5f0c6 (webtiles) character file.

947 Ladykiller69 the Ruffian (level 7, 0/67 HPs)
             Began as a Troll Fighter on Nov 16, 2016.
             Slain by a gnoll
             ... wielding a +0 halberd
              (9 damage)
             ... on level 4 of the Dungeon.
             The game lasted 00:07:31 (3213 turns).

Ladykiller69 the Ruffian (Troll Fighter)            Turns: 3213, Time: 00:07:31

Health: 0/67       AC:  6    Str: 25    XL:     7   Next: 89%
Magic:  6/6        EV: 13    Int:  4    God:
Gold:   221        SH: 10    Dex: 11    Spells: 0 memorised, 6 levels left

rFire  . . .     SeeInvis .       - Unarmed
rCold  . . .     Gourm    +     a - +0 robe
rNeg   . . .     Faith    .     b - +0 shield
rPois  .         Spirit   .     (helmet restricted)
rElec  .         Reflect  .     p - +0 cloak (curse)
rCorr  .         Harm     .     (gloves unavailable)
MR     .....                    (boots unavailable)
Stlth  ..........               (no amulet)
                                o - +4 ring of evasion
                                j - ring of loudness (curse)

@: glowing
A: unfitting armour, claws 3, fast metabolism 3, gourmand, regeneration 1,
shaggy fur 1, tough skin 2
a: no special abilities


You were on level 4 of the Dungeon.
You were very full.

You visited 1 branch of the dungeon, and saw 4 of its levels.

You collected 221 gold pieces.

Inventory:

Missiles
 u - 39 stones
 v - 4 large rocks (quivered)
Armour
 a - a +0 robe (worn)
 b - a +0 shield (worn)
 p - a cursed +0 cloak (worn)
Jewellery
 j - a cursed ring of loudness (left claw)
 o - a +4 ring of evasion (right claw)
 C - an uncursed ring of fire
 E - an uncursed ring of see invisible {unknown}
Scrolls
 e - 2 scrolls of noise {unknown}
 g - 3 scrolls of fog {unknown}
 h - 3 scrolls of remove curse {unknown}
 k - a scroll of blinking {unknown}
 l - 2 scrolls of random uselessness {unknown}
 n - a scroll of enchant weapon {unknown}
 r - 3 scrolls of identify {unknown}
 s - 2 scrolls of teleportation {unknown}
 x - a scroll of enchant armour {unknown}
 y - a scroll of fear {unknown}
Potions
 c - a potion of might
 f - a potion of resistance {unknown}
 m - 3 potions of curing {unknown}
 q - a potion of cure mutation {unknown}
 t - 2 potions of berserk rage {unknown}
 z - a potion of lignification {unknown}
 D - a potion of mutation {unknown}
Comestibles
 d - 4 bread rations
 i - 3 meat rations
 w - 4 fruits
 A - a beef jerky


   Skills:
 - Level 3.0 Fighting
 - Level 3.0 Dodging
 + Level 5.5 Shields
 + Level 6.3 Unarmed Combat


You had 6 spell levels left.
You didn't know any spells.

Dungeon Overview and Level Annotations

Branches:
Dungeon (4/15)
 Temple: D:4-7

Altars:
Cheibriados
Kikubaaqudgha
Ru
Trog

Portals:
Abyss: D:1***


Innate Abilities, Weirdness & Mutations

You are too large for most types of armour.
You have claws for hands.
Your metabolism is lightning-fast.
You like to eat raw meat.
Your natural rate of healing is unusually fast.
You are covered in fur. (AC +1)
You have very tough skin. (AC +2)


Message History

The gnoll seems to speed up.
All of the chunks of flesh in your inventory have rotted away.
You closely miss the gnoll shaman.
The gnoll shaman is almost dead.
The gnoll barely misses you.
The gnoll hits you from afar with a halberd!
The gnoll hits you with a club. The gnoll hits you but does no damage.
The gnoll shaman hits you with a whip.
* * * LOW HITPOINT WARNING * * *
The gnoll hits you but does no damage.
The gnoll throws a stone.
You block the stone.
The gnoll hits you from afar with a spear!
* * * LOW HITPOINT WARNING * * *
You see here a stone.
Something unseen opens the door.
You block the gnoll's attack. The gnoll misses you.
The gnoll shaman prays to its god.
The gnoll shaman is healed somewhat.
The gnoll hits you from afar with a halberd!
You die...

.......#.............#...........
########.............######[.##..
.....[...##'########......#..####
.......).#....#....#......#..'...
.........+....#....'......#..#...
.........#...#######.........##..
.....##########....#########.##..
.....#....^..'......# #......
.....'.......#..@...# #......
.)...#####...##g##g.# ##.....
##########...#.g.†### ######
#............#...g#
#............#...g#
'............'..(.#
#.....########....#
#######....(......# #...........#


You could see a gnoll shaman and 2 gnolls.

Vanquished Creatures
  The ghost of Lochraine the Covered, a novice GrFi of Elyvilon (D:4)
  2 ogres (D:4)
  2 orc wizards
  2 iguanas (D:4)
  A centaur skeleton (D:4)
  Natasha (twice) (D:3)
  3 worker ants
  2 hound skeletons (D:4)
  5 gnolls
  8 adders
  An adder skeleton (D:4)
  6 worms
  3 dart slugs
  A leopard gecko (D:1)
  9 orcs
  6 bats
  2 giant cockroaches (D:1)
  8 goblins
  6 hobgoblins
  12 jackals
  11 kobolds
  A ball python (D:2)
  8 frilled lizards
  7 rats
109 creatures vanquished.

Vanquished Creatures (others)
  A wizard (D:3)
1 creature vanquished.

Grand Total: 110 creatures vanquished

Notes
Turn   | Place    | Note
-------+----------+-------------------------------------------
     0 | D:1      | Ladykiller69 the Troll Fighter began the quest for the Orb.
     0 | D:1      | Reached XP level 1. HP: 22/22 MP: 0/0
   130 | D:1      | Reached XP level 2. HP: 23/29 MP: 1/1
   459 | D:1      | Reached XP level 3. HP: 36/36 MP: 2/2
   767 | D:2      | Found a sacrificial altar of Ru.
   799 | D:2      | Reached skill level 3 in Unarmed Combat
   799 | D:2      | Reached XP level 4. HP: 44/44 MP: 3/3
  1479 | D:3      | Reached XP level 5. HP: 46/53 MP: 4/4
  1576 | D:3      | Noticed Natasha
  1579 | D:3      | Killed Natasha
  1640 | D:3      | Reached skill level 4 in Unarmed Combat
  1752 | D:3      | Reached XP level 6. HP: 52/61 MP: 5/5
  1893 | D:3      | Found a bloodstained altar of Trog.
  1896 | D:3      | Noticed a wizard
  1903 | D:3      | Killed a wizard
  2221 | D:3      | Found a snail-covered altar of Cheibriados.
  2221 | D:3      | Found an ancient bone altar of Kikubaaqudgha.
  2366 | D:3      | Noticed Natasha
  2370 | D:3      | Killed Natasha
  2705 | D:4      | Noticed Lochraine's ghost (novice GrFi)
  2739 | D:4      | Killed Lochraine's ghost
  2739 | D:4      | Reached skill level 5 in Unarmed Combat
  2739 | D:4      | Reached XP level 7. HP: 45/67 MP: 6/6
  2761 | D:4      | Reached skill level 5 in Shields
  2874 | D:4      | Reached skill level 6 in Unarmed Combat
  3213 | D:4      | Slain by a gnoll

Skill      XL: |  1  2  3  4  5  6  7 |
---------------+----------------------+-----
Unarmed Combat | 3 4 5 6 |  6.3
Shields        | 3 4 5 |  5.5
Fighting       | 3 |  3.0
Dodging        | 3 |  3.0

Action                   |  1- 3 |  4- 6 |  7- 9 || total
-------------------------+-------+-------+-------++-------
Melee: Unarmed           |   150 |   178 |    41 ||   369
Throw: Large rock        |       |       |     3 ||     3
       Stone             |       |       |     1 ||     1
 Stab: Paralysed         |     1 |       |       ||     1
  Eat: Chunk             |    13 |    18 |     4 ||    35
Armor: Robe              |    38 |    51 |     8 ||    97
Dodge: Dodged            |    44 |    47 |    15 ||   106
Block: Shield            |    61 |    72 |    28 ||   161
